 Dungeon Crawl Stone Soup version 0.30-a0-652-gcc886f7154 (webtiles) character file.

Game seed: 4010553773689840884

679 night the Shooter (level 7, -7/44 HPs)
             Began as a Gargoyle Hunter on Jan 17, 2023.
             Was an Initiate of Fedhas.
             Killed by divine providence
             ... invoked by an orc priest
              (11 damage)
             ... on level 6 of the Dungeon.
             The game lasted 00:09:40 (4315 turns).

night the Shooter (Gargoyle Hunter)                 Turns: 4315, Time: 00:09:42

Health: -7/44      AC:  8    Str: 14    XL:     7   Next: 60%
Magic:  8/8        EV: 12    Int: 10    God:    Fedhas [......]
Gold:   195        SH:  0    Dex: 15    Spells: 6/6 levels left

rFire   + . .      SeeInvis .    a - +0 shortbow
rCold   . . .      Faith    .    (shield currently unavailable)
rNeg    + . .      Spirit   .    c - +0 leather armour
rPois   ∞          Reflect  .    (no helmet)
rElec   +          Harm     .    g - +0 cloak
rCorr   .          Rampage  .    (no gloves)
Will    .....                    (no boots)
Stlth   ++                       (no amulet)
HPRegen 0.27/turn                q - ring of protection from fire
MPRegen 0.11/turn                (no ring)

@: no status effects
A: sickness immunity, AC +4, negative energy resistance 1, electricity
resistance, torment resistance 1, petrification resistance
a: Renounce Religion


You were on level 6 of the Dungeon.
You worshipped Fedhas.
Fedhas was noncommittal.
You visited 2 branches of the dungeon, and saw 7 of its levels.

You collected 195 gold pieces.

Inventory:

Hand Weapons
 a - a +0 shortbow (weapon)
 l - a +0 long sword
 t - a +0 falchion of holy wrath
 x - a +2 dagger of venom
Missiles
 d - 4 javelins
 e - 58 stones
 f - 10 poisoned darts
 w - a curare-tipped dart
 y - 3 silver boomerangs
Armour
 c - a +0 leather armour (worn)
 g - a +0 cloak (worn)
Jewellery
 q - a ring of protection from fire (left hand)
Scrolls
 b - a scroll of immolation
 i - 3 scrolls of enchant weapon
 k - a scroll of blinking
 m - a scroll of magic mapping
 o - 2 scrolls of enchant armour
 p - 2 scrolls of amnesia
 r - 6 scrolls of teleportation
 v - a scroll of identify
Potions
 h - 3 potions of heal wounds
 j - 3 potions of curing {unknown}
 n - 2 potions of flight {unknown}
 s - a potion of cancellation {unknown}
 u - a potion of lignification {unknown}


   Skills:
 + Level 4.6 Fighting
 * Level 6.9 Ranged Weapons
 + Level 3.4 Dodging
 - Level 1.1 Stealth
 + Level 1.7 Invocations


You had 6 spell levels left.
You didn't know any spells.
Your spell library contained the following spells:

 Spells                   Type           Power      Damage    Failure   Level
 Kindle Blastsparks       Fire/Tloc/Air  0%         2d10      82%         3
 Fulminant Prism          Conj/Hex       0%         3d5       99%         4
 Iskenderun's Mystic Bla  Conj/Tloc      0%         2d3       99%         4
 Lee's Rapid Deconstruct  Erth           0%         3d4*      100%        5


Dungeon Overview and Level Annotations

Branches:
Dungeon (6/15)             Temple (1/1) D:5

Altars:
Ashenzari
Dithmenos
Fedhas
Gozag
Hepliaklqana
Makhleb
Nemelex Xobeh
Okawaru
Qazlal
Ru
Sif Muna
Trog
Uskayaw
Vehumet
Xom
Yredelemnul


Innate Abilities, Weirdness & Mutations

You are immune to sickness and miasma.
Your stone body is resilient. (AC +4)
You are immune to poison.
You resist negative energy. (rN+)
You are resistant to electric shocks. (rElec)
You are resistant to unholy torment.
You are immune to petrification.


Message History

The arrow hits the orc priest but does no damage.
The orc priest is almost dead.
The orc priest hits you with a +0 falchion.
The orc wizard hits you with a +0 dagger.
The orc wizard hits you but does no damage.
The orc priest hits you with a +0 falchion.
You shoot an arrow.
The arrow hits the orc priest but does no damage.
The orc priest is almost dead.
The orc priest looks satisfied for a moment.
The orc wizard gestures wildly while chanting.
The orc wizard flickers and vanishes!
Deactivating autopickup; reactivate with Ctrl-A.
You shoot an arrow.
The arrow hits the orc priest but does no damage.
The orc priest is almost dead.
The orc priest hits you with a +0 falchion.
You hear some strange, mumbled words.
You are confused.
You clumsily bash the orc priest but do no damage.
The orc priest is almost dead.
The orc priest closely misses you. Something hits you.
You closely miss the orc priest.
The orc priest is almost dead.
The orc priest hits you with a +0 falchion!
* * * LOW HITPOINT WARNING * * *
Something hits you but does no damage. The orc priest barely misses you.
Something completely misses you.
The orc priest casts a cantrip, but nothing happens.
The orc priest miscasts a cantrip.
You hear some strange, mumbled words.
A magic dart appears from out of thin air!
The magic dart hits you.
* * * LOW HITPOINT WARNING * * *
You completely miss something.
You feel less confused.
The orc priest invokes the aid of Beogh against you.
Beogh smites you!
You die...
Fedhas appreciates your contribution to the ecosystem.

...............
#.................
#.................
#.................
#...............#
#...............#
#...)...........#
#.......o@......#
#.).)....{......#
#...<...........#
#...............#
######'###......#
#....)...#......+
#..$.....#......#
#........#......#
##.......#......#


You could see an orc priest.

Vanquished Creatures
  An ogre (D:5)
  A centaur (D:6)
  A kobold brigand (D:5)
  A howler monkey (D:4)
  2 orc priests (D:5)
  A hound (D:5)
  An iguana (D:5)
  4 orc wizards
  5 adders
  3 gnolls (D:4)
  A white imp (D:5)
  2 ufetubi
  A worm (D:2)
  2 dart slugs
  12 orcs
  5 endoplasms
  6 giant cockroaches
  A goblin (D:1)
  8 hobgoblins
  10 jackals
  4 kobolds
  4 quokkas
  4 ball pythons
  8 bats
  4 frilled lizards
  6 rats
  A butterfly (D:5)
99 creatures vanquished.

Notes
Turn   | Place    | Note
-------+----------+-------------------------------------------
     0 | D:1      | night the Gargoyle Hunter began the quest for the Orb.
     0 | D:1      | Reached XP level 1. HP: 12/12 MP: 1/1
   129 | D:1      | Reached XP level 2. HP: 18/18 MP: 2/2
   367 | D:1      | Reached XP level 3. HP: 22/22 MP: 3/3
   401 | D:1      | Reached skill level 2 in Dodging
  1027 | D:2      | Reached XP level 4. HP: 22/27 MP: 4/4
  1618 | D:3      | Reached skill level 5 in Ranged Weapons
  1928 | D:4      | Reached XP level 5. HP: 32/32 MP: 5/5
  2382 | D:4      | Found a hazy altar of Hepliaklqana.
  2607 | D:5      | Entered Level 5 of the Dungeon
  2643 | D:5      | Noticed an ogre
  2651 | D:5      | Killed an ogre
  2652 | D:5      | Reached XP level 6. HP: 38/38 MP: 6/6
  2670 | D:5      | Found a staircase to the Ecumenical Temple.
  2699 | D:5      | Reached skill level 6 in Ranged Weapons
  2729 | Temple   | Entered the Ecumenical Temple
  2738 | Temple   | Became a worshipper of Fedhas Madash
  2871 | D:5      | Reached XP level 7. HP: 41/43 MP: 7/7
  3045 | D:5      | Reached skill level 1 in Invocations
  4314 | D:6      | HP: 3/44 [something/magic dart (5)]
  4315 | D:6      | Killed from afar by an orc priest

Illustrated notes

Levels and vault maps discovered:
D:1:      sevenhm_arrival_forest_fort_small_4, layout_basic, minmay_3d_cube
D:2:      layout_rooms
D:3:      layout_loops_cross
D:4:      layout_gridville, mainiacjoe_overflow_catwalk
D:5:      layout_gridville, minmay_temple_entry_butterflies
D:6:      layout_gridville, lemuel_round_altar,
          mainiacjoe_overflow_large_starburst
Temple:   nicolae_temple_no_exploring_needed

Skill      XL: |  1  2  3  4  5  6  7 |
---------------+----------------------+-----
Dodging        | 2 3 |  3.4
Fighting       | 3 4 |  4.6
Ranged Weapons | 5 6 |  6.9
Invocations    | 1 |  1.7
Stealth        | |  1.1

Action                   |  1- 3 |  4- 6 |  7- 9 || total
-------------------------+-------+-------+-------++-------
Melee: Dagger            |       |       |    13 ||    13
       Shortbow          |       |       |     3 ||     3
 Fire: Shortbow          |   113 |   148 |   109 ||   370
  Use: Scroll            |       |     8 |       ||     8
Armor: Leather armour    |    24 |    41 |    65 ||   130
Dodge: Dodged            |    46 |    67 |   125 ||   238

Table legend: (Time is in decaauts)
 A = Elapsed time spent in this place.
 B = Non-inter-level travel time spent in this place.
 C = Inter-level travel time spent in this place.
 D = Time resting spent in this place.
 E = Time spent auto-exploring this place.
 F = Levels seen in this place.
 G = Mean time per level.
                   A        B        C        D        E       F      G
               +--------+--------+--------+--------+--------+-----+--------+
         Total |   4426 |   4254 |    172 |    705 |   2709 |   7 |  632.3 |
       Dungeon |   4405 |   4233 |    172 |    705 |   2709 |   6 |  734.2 |
        Temple |     20 |     20 |      0 |      0 |      0 |   1 |   20.0 |
               +--------+--------+--------+--------+--------+-----+--------+

Top non-repeatable levels by time:
     D:5: 1502 daAuts
     D:1: 898 daAuts
     D:4: 846 daAuts
     D:3: 589 daAuts
     D:2: 377 daAuts
     D:6: 192 daAuts
  Temple: 20 daAuts
